 Dungeon Crawl Stone Soup version 0.30.0-15-g856e2d3f33 (webtiles) character file.

Game seed: 8600631884507371761

42 qw the Chopper (level 3, -2/23 HPs)
             Began as a Gargoyle Cinder Acolyte on May 18, 2023.
             Was a High Priest of Ignis.
             Slain by a gnoll
             ... wielding a +0 halberd
              (12 damage)
             ... on level 2 of the Dungeon.
             The game lasted 00:00:31 (886 turns).

qw the Chopper (Gargoyle Cinder Acolyte)             Turns: 886, Time: 00:00:31

Health: -2/23      AC: 13    Str: 19    XL:     3   Next: 56%
Magic:  4/4        EV: 11    Int: 14    God:    Ignis [*****.]
Gold:   44         SH:  0    Dex:  5    Spells: 4/4 levels left

rFire   + . .        Y - +0 hand axe (flame)
rCold   . . .        (no shield)
rNeg    + . .        i - +0 leather armour
rPois   inf          (no helmet)
rElec   +            (no cloak)
rCorr   .            (no gloves)
SInv    .            (no boots)
Will    .....        (no amulet)
Stlth   +            (no ring)
HPRegen 0.23/turn    (no ring)
MPRegen 0.09/turn

%: no passive effects
@: fiery-armoured
A: sickness immunity, AC +3, negative energy resistance 1, electricity
resistance, torment resistance 1, petrification resistance
a: Renounce Religion, Fiery Armour, Foxfire Swarm, Rising Flame


You were on level 2 of the Dungeon.
You worshipped Ignis.
Ignis was extremely pleased with you.
You visited 1 branch of the dungeon, and saw 2 of its levels.

You collected 44 gold pieces.


Innate Abilities, Weirdness & Mutations

You are immune to sickness and miasma.
Your stone body is resilient. (AC +3)
You are immune to poison.
You resist negative energy. (rN+)
You are resistant to electric shocks. (rElec)
You are resistant to unholy torment.
You are immune to petrification.


   Skills:
 - Level 3.2 Fighting
 + Level 3.8 Axes
 - Level 1.0 Throwing
 - Level 1.0 Spellcasting
 - Level 3.0 Fire Magic


You had 4 spell levels left.
You didn't know any spells.
Your spell library contained the following spells:

 Spells                   Type           Power      Damage    Failure   Level
 Scorch                   Fire           18%        2d5       14%         2

Inventory:

Hand Weapons
 Y - a +0 hand axe of flaming (weapon)
Missiles
 d - 4 javelins (quivered)
Armour
 i - a +0 leather armour (worn)
Scrolls
 j - a scroll of teleportation
Potions
 e - a potion of brilliance {unknown}
 f - a potion of cancellation {unknown}

Dungeon Overview and Level Annotations

Branches:
Dungeon (2/15)

Altars:


Message History

a +0 club; a stone
Found a stone staircase leading down.
There is a stone staircase leading down here.
A gnoll comes into view. It is wielding a +0 spear.
The gnoll shouts!
You hear a shout! x2
The gnoll moves out of view.
You hear a shout!
You hear a shout!
The gnoll hits you from afar with a +0 spear. 3 gnolls come into view.
The gnoll shouts!
You hear a shout!
The gnoll hits you with a +0 spear.
The gnoll moves out of view. x2
881 ||| INVOKING Fiery Armour.
A protective cloak of flame settles atop you.
The gnoll hits you but does no damage.
The gnoll is burned by your cloak of flames.
The gnoll is moderately wounded.
You barely miss the gnoll.
The gnoll is moderately wounded.
The gnoll hits you but does no damage. The gnoll closely misses you.
You completely miss the gnoll.
The gnoll is moderately wounded.
The gnoll barely misses you. The gnoll hits you but does no damage.
The gnoll is burned by your cloak of flames.
The gnoll is heavily wounded.
You barely miss the gnoll.
The gnoll is heavily wounded.
The gnoll closely misses you. The gnoll hits you with a +0 spear.
The gnoll is burned by your cloak of flames.
The gnoll is almost dead.
You slash the gnoll! You burn the gnoll.
You kill the gnoll!
The gnoll closely misses you.
You closely miss the gnoll. The gnoll hits you but does no damage.
The gnoll is burned by your cloak of flames.
The gnoll is heavily wounded.
The gnoll hits you from afar with a +0 halberd!
Ouch! That really hurt!
You die...

#### #..# ##.##
### ##### ##...##
#.###.#.###.###@#
#........#>##
##gg.....
##..........#
..#.###
.)........#.#
....
...###.......#
....# ####
#......... #####
###########


You could see 2 gnolls.

Vanquished Creatures
  A gnoll (D:2)
  A dart slug (D:1)
  4 bats (D:1)
  2 endoplasms (D:1)
  4 goblins (D:1)
  3 hobgoblins (D:1)
  A ball python (D:1)
  2 frilled lizards (D:1)
  9 kobolds
  3 rats (D:1)
30 creatures vanquished.

Notes
Turn   | Place    | Note
-------+----------+-------------------------------------------
     0 | D:1      | qw the Gargoyle Cinder Acolyte began the quest for the Orb.
     0 | D:1      | Reached XP level 1. HP: 14/14 MP: 2/2
     0 | D:1      | 0 ||| qw: Version: 0.2-a-95-gc95f03d
     0 | D:1      | 0 ||| qw: Game counter: 71
     0 | D:1      | 0 ||| qw: Always use a shield: true
     0 | D:1      | 0 ||| qw: God list: Okawaru
     0 | D:1      | 0 ||| qw: Allow faded altars: false
     0 | D:1      | 0 ||| qw: Do Orc after D:15 true
     0 | D:1      | 0 ||| qw: Do second Lair branch before Depths: true
     0 | D:1      | 0 ||| qw: Lair rune preference: random
     0 | D:1      | 0 ||| qw: Plans: Normal
     0 | D:1      | 0 ||| PLANNING D:1-11
    65 | D:1      | 65 ||| Stepping ~*~*~tactically~*~*~ (hiding).
    67 | D:1      | 67 ||| Stepping ~*~*~tactically~*~*~ (hiding).
    79 | D:1      | 79 ||| INVOKING Fiery Armour.
    82 | D:1      | Reached skill level 3 in Axes
   134 | D:1      | Reached XP level 2. HP: 19/19 MP: 3/3
   240 | D:1      | 240 ||| READING scroll labelled CEREAF WABI.
   267 | D:1      | Found a faded altar of an unknown god.
   268 | D:1      | 268 ||| Stepping ~*~*~tactically~*~*~ (hiding).
   281 | D:1      | Reached skill level 1 in Throwing
   333 | D:1      | 333 ||| Stepping ~*~*~tactically~*~*~ (stealth).
   376 | D:1      | 376 ||| Stepping ~*~*~tactically~*~*~ (stealth).
   377 | D:1      | 377 ||| Stepping ~*~*~tactically~*~*~ (stealth).
   379 | D:1      | 379 ||| Stepping ~*~*~tactically~*~*~ (hiding).
   467 | D:1      | Reached XP level 3. HP: 23/23 MP: 4/4
   810 | D:1      | 810 ||| UPGRADING to +0 leather armour.
   820 | D:1      | 820 ||| DROPPING +0 robe.
   821 | D:1      | 821 ||| READING scroll labelled UTHIUFF JOLE.
   822 | D:1      | 822 ||| READING scroll labelled NAS MOISTRAPP.
   823 | D:1      | 823 ||| READING scroll labelled OTUFEG APNIOR.
   824 | D:1      | 824 ||| READING scroll labelled JOKAITS RYHOCA.
   825 | D:1      | 825 ||| DRINKING 2 smoky puce potions.
   826 | D:1      | 826 ||| DROPPING potion of magic.
   881 | D:2      | 881 ||| INVOKING Fiery Armour.
   886 | D:2      | Slain by a gnoll

Levels and vault maps discovered:
D:1:      lemuel_arrival_tunnels, layout_loops_ring,
          chequers_ecumenical_altar_simple_redux, minmay_misc_feat_five,
          lexackson_kobold_supper
D:2:      minmay_chambers_of_twos, layout_loops_ring,
          nicolae_concentric_dashed_squares_wild, minmay_snake_closets,
          uniq_crazy_yiuf_cottage, uniq_sigmund, uniq_robin

Skill      XL: |  1  2 |
---------------+-------+-----
Axes           | 3 |  3.8
Throwing       | 1 |  1.0
Fighting       | |  3.2
Spellcasting   | |  1.0
Fire Magic     | |  3.0

Action                     || total
---------------------------++-------
  Melee: Hand axe          ||    54
  Throw: Javelin           ||    20
 Invoke: Fiery Armour      ||     2
    Use: Scroll            ||     5
         Potion            ||     1
 Armour: Robe              ||    13
         Leather armour    ||     7
  Dodge: Dodged            ||    39

Table legend:
 A = Non-vault XP
 B = Vault XP
 C = Vault XP percentage of total XP
 D = Non-vault monster count
 E = Vault monster count
 F = Vault count percentage of total count
                 A         B        C        D         E       F
            +---------+---------+-------+---------+---------+-------
      Total |      50 |      11 |  18.0 |      22 |       8 |  26.7
            +---------+---------+-------+---------+---------+-------
        D:1 |      33 |      11 |  25.0 |      19 |       8 |  29.6
        D:2 |      17 |       0 |   0.0 |       3 |       0 |   0.0
            +---------+---------+-------+---------+---------+-------
